Map: Ruins of Endion

Players

iAsonu

  • Race: Zerg Zerg

uThermal - Winner!

  • Race: Terran Terran

Event: DreamHack Open Tours WCS Spring Championship

VOD

https://www.youtube.com/watch?v=7VHcSiirA0o

Description

Time

  • Played on: May 14, 2016, 5:51 a.m.
  • Length: 18:27

All games in this series

Show
View Real Time Build Order
Export as new Build Order

iAsonu Zerg 

Build Orders: Hatch First 

Get SALT Encoding   

  12  0:01  Drone  
  13  0:12  Overlord  
  13  0:17  Drone  
  14  0:31  Drone x2  
  14  0:34  Drone  
  17  0:51  Hatchery  
  17  0:54  Drone  
  17  0:57  Drone  
  17  1:00  Extractor  
  17  1:13  Spawning Pool  
  17  1:16  Drone  
  17  1:19  Drone  
  18  1:28  Drone  
  19  1:40  Overlord  
  19  1:59  Queen  
  22  2:01  Zergling x4  
  22  2:02  Metabolic Boost  
  22  2:04  Queen  
  22  2:06  Zergling x2  
  26  2:14  Drone  
  26  2:15  Drone  
  28  2:32  Overlord  
  28  2:35  Queen, Drone x2  
  32  2:38  Drone  
  32  2:43  Queen  
  35  2:46  Drone  
  36  2:55  Overlord  
  36  2:57  Drone x2  
  38  3:06  Drone  
  38  3:09  Drone  
  38  3:11  Drone x3  
  43  3:15  Drone x2  
  43  3:17  Drone  
  46  3:20  Drone  
  47  3:31  Drone x2  
  49  3:34  Hatchery  
  49  3:35  Drone  
  49  3:39  Overlord  
  49  3:49  Drone x2, Extractor  
  49  3:51  Roach Warren, Drone  
  49  3:54  Drone  
  49  3:55  Drone  
  52  4:00  Drone x2  
  52  4:01  Overlord  
  54  4:05  Drone  
  54  4:07  Drone  
  56  4:14  Drone  
  57  4:17  Drone x2  
  57  4:18  Drone  
  57  4:21  Drone  
  57  4:23  Drone  
  61  4:28  Lair, Extractor  
  61  4:30  Evolution Chamber, Drone  
  59  4:31  Evolution Chamber, Extractor  
  59  4:32  Drone  
  59  4:34  Drone  
  59  4:35  Drone  
  60  4:42  Spore Crawler  
  60  4:43  Zergling x4  
  61  4:46  Drone  
  61  4:51  Drone  
  63  4:54  Drone  
  63  4:55  Drone  
  63  4:56  Drone  
  63  4:57  Zerg Missile Weapons Level 1  
  66  5:01  Zerg Ground Armor Level 1  
  66  5:02  Drone x2  
  66  5:03  Drone  
  66  5:04  Drone x2  
  66  5:06  Drone  
  72  5:09  Drone  
  72  5:11  Overlord  
  73  5:17  Overlord  
  73  5:19  Extractor  
  73  5:21  Overlord, Extractor  
  71  5:24  Overlord  
  71  5:25  Drone  
  71  5:27  Drone  
  73  5:30  Drone  
  73  5:31  Drone x2  
  73  5:32  Drone  
  73  5:35  Drone  
  78  5:36  Overlord  
  78  5:38  Glial Reconstitution  
  78  5:42  Infestation Pit  
  77  5:45  Drone x2  
  77  5:48  Drone x2  
  81  5:54  Overlord  
  81  5:58  Roach x2  
  81  5:59  Roach x5  
  81  6:01  Roach  
  81  6:03  Roach x2  
  101  6:05  Hatchery  
  101  6:11  Roach x6  
  112  6:23  Overlord  
  112  6:24  Roach  
  112  6:25  Roach  
  116  6:27  Overlord  
  116  6:28  Infestor x2  
  119  6:33  Overlord  
  119  6:35  Roach  
  119  6:37  Overlord  
  119  6:39  Overlord  
  121  6:41  Overlord  
  121  6:42  Overlord x2  
  121  6:43  Roach x3  
  126  6:50  Overlord  
  127  6:54  Drone x2  
  127  6:55  Drone x3  
  127  6:57  Drone  
  132  7:03  Overlord  
  132  7:04  Overseer  
  132  7:10  Zerg Missile Weapons Level 2, Zerg Ground Armor Level 2  
  132  7:12  Roach x5  
  142  7:18  Overlord  
  142  7:23  Roach x3  
  142  7:25  Extractor x2  
  142  7:26  Drone x2  
  142  7:27  Overlord  
  142  7:29  Roach x4  
  152  7:33  Roach  
  146  7:37  Roach x2  
  146  7:42  Roach x4  
  158  7:46  Overlord  
  158  7:49  Drone x2  
  158  7:50  Drone  
  156  7:51  Drone  
  156  7:52  Drone  
  156  7:57  Ravager x6  
  156  7:58  Ravager, Drone  
  165  8:02  Roach x4  
  176  8:13  Roach x4  
  182  8:21  Overlord x2  
  182  8:25  Hive  
  182  8:26  Roach x4  
  190  8:36  Spore Crawler  
  190  8:38  Spine Crawler x2  
  187  8:46  Infestor  
  189  8:50  Infestor  
  189  8:53  Ravager x7  
  198  8:58  Overseer  
  198  9:00  Ravager  
  180  9:33  Roach x16  
  183  9:39  Roach  
  183  9:40  Roach x2  
  183  9:44  Zerg Ground Armor Level 3, Zerg Missile Weapons Level 3  
  183  9:45  Drone x3  
  190  9:47  Roach  
  190  9:48  Roach x3  
  199  10:22  Ravager x2  
  199  10:30  Ultralisk Cavern  
  198  10:45  Ravager  
  197  11:15  Ravager x2  
  199  11:23  Chitinous Plating  
  199  11:52  Adrenal Glands  
  199  12:22  Hatchery  
  196  12:24  Roach  
  188  12:38  Overlord  
  188  12:39  Overlord x4  
  174  12:54  Ultralisk Cavern  
  174  12:56  Roach Warren  
  152  13:13  Roach Warren  
  152  13:14  Ultralisk Cavern  
  114  13:36  Roach x11  
  114  13:37  Roach x8  
  114  13:38  Queen  
  152  13:41  Ultralisk  
  152  13:42  Ultralisk x2  
  164  14:01  Ravager x7  
  151  14:05  Drone  
  150  14:20  Overlord x4  
  150  14:22  Extractor  
  150  14:24  Extractor  
  148  14:30  Hatchery  
  147  14:32  Evolution Chamber  
  147  14:37  Drone x2  
  147  14:38  Spire  
  139  14:53  Infestation Pit  
  139  14:55  Drone x3  
  139  14:59  Spore Crawler  
  132  15:26  Zerg Melee Weapons Level 1  
  132  15:29  Drone  
  124  15:54  Corruptor x8  
  126  16:14  Roach  
  126  16:23  Zerg Flyer Weapons Level 1  
  122  16:32  Ravager x4  
  129  16:33  Ravager x5  
  129  16:38  Drone x2  
  129  16:39  Drone  
  120  16:40  Drone  
  82  17:36  Roach, Drone  
  73  17:37  Roach  
  73  17:38  Queen x2  
  73  17:42  Hatchery  
  65  17:52  Roach  
  66  18:02  Ravager  
  67  18:13  Drone  
Show
View Real Time Build Order
Export as new Build Order

uThermal Terran - Winner!

Build Orders: Reaper Expand, MMM Bio 

Get SALT Encoding   

  12  0:04  SCV  
  13  0:16  SCV  
  13  0:20  Supply Depot  
  14  0:28  SCV  
  15  0:41  SCV  
  16  0:43  Barracks  
  16  0:45  Refinery  
  16  0:53  SCV  
  17  1:05  SCV  
  18  1:18  SCV  
  19  1:29  Reaper  
  19  1:30  Orbital Command  
  20  1:40  Command Center  
  20  1:48  Supply Depot  
  20  1:55  SCV  
  21  2:01  Marine  
  21  2:06  Factory  
  21  2:07  SCV  
  23  2:12  Refinery  
  23  2:19  SCV, Marine  
  25  2:32  SCV  
  26  2:37  Marine  
  26  2:44  SCV  
  28  2:50  Starport, Factory Tech Lab  
  28  2:53  Orbital Command  
  28  2:55  Marine  
  28  2:56  SCV  
  30  3:08  SCV  
  30  3:11  Siege Tank  
  34  3:13  Marine  
  34  3:19  SCV  
  36  3:20  SCV  
  37  3:28  Medivac  
  37  3:32  SCV x2  
  40  3:46  Supply Depot, SCV x2, Command Center  
  42  3:56  Marine, Stimpack  
  42  3:58  SCV x2  
  45  4:04  Barracks  
  45  4:06  Barracks  
  45  4:07  Factory Reactor  
  45  4:10  Starport Reactor  
  45  4:12  SCV  
  45  4:14  SCV  
  45  4:15  Marine  
  48  4:24  SCV  
  48  4:26  SCV  
  48  4:30  Supply Depot  
  50  4:33  Marine  
  50  4:36  SCV  
  50  4:38  SCV  
  53  4:40  Engineering Bay  
  53  4:41  Engineering Bay  
  53  4:43  Refinery  
  53  4:44  Refinery  
  53  4:48  SCV  
  53  4:51  Marine  
  55  4:57  SCV  
  56  5:00  SCV, Orbital Command  
  56  5:01  Starport Reactor, Marine x3  
  60  5:09  SCV, Marine  
  60  5:12  SCV, Terran Infantry Weapons Level 1, Terran Infantry Armor Level 1  
  63  5:15  Marine  
  63  5:19  Marine  
  65  5:21  SCV  
  65  5:25  SCV, Marine  
  65  5:27  Supply Depot  
  65  5:28  Supply Depot, SCV  
  69  5:30  Marine  
  69  5:33  SCV  
  71  5:38  Medivac x2  
  71  5:39  Marine  
  71  5:40  Marine  
  77  5:48  SCV x3, Marine x2  
  82  5:52  Barracks x2  
  82  5:56  Marine  
  83  5:57  Supply Depot  
  83  6:00  Combat Shields, SCV  
  83  6:01  SCV x2  
  86  6:05  Marine x2  
  86  6:06  Armory  
  86  6:09  Supply Depot  
  88  6:12  Medivac  
  88  6:13  Medivac  
  88  6:17  SCV  
  93  6:19  SCV  
  93  6:20  Supply Depot, SCV  
  93  6:21  Marine  
  93  6:22  Marine  
  93  6:23  Marine  
  98  6:25  Marine  
  98  6:27  Marine  
  98  6:32  Supply Depot  
  100  6:35  SCV x2  
  100  6:39  Marine  
  103  6:40  Barracks Reactor x2  
  103  6:44  Barracks  
  103  6:45  Barracks  
  98  6:50  Medivac  
  98  6:51  Barracks  
  98  6:52  Barracks  
  100  6:54  Medivac  
  100  6:55  Marine x2  
  104  7:04  Supply Depot  
  104  7:06  Supply Depot  
  104  7:12  Marine  
  104  7:13  Marine, Terran Infantry Weapons Level 2  
  106  7:17  Supply Depot, Marine x3  
  106  7:18  Supply Depot, Marauder  
  106  7:21  Supply Depot  
  106  7:22  Marine x2  
  113  7:26  Supply Depot, Medivac  
  113  7:29  Medivac  
  114  7:31  Marine  
  114  7:33  Marine  
  112  7:39  Marauder, Liberator  
  112  7:40  Barracks Tech Lab x2  
  112  7:41  Marine, Barracks Tech Lab, Liberator  
  112  7:42  Marine  
  113  7:52  Marine x4  
  113  7:56  Supply Depot, Marine  
  120  7:59  Marauder, Concussive Shells  
  120  8:00  Marauder, Marine  
  120  8:02  Marine  
  120  8:03  Marauder  
  120  8:04  Marine  
  132  8:08  Terran Infantry Armor Level 2  
  132  8:09  Marine  
  132  8:13  Marauder, Marine  
  132  8:16  Marine x2  
  132  8:19  Marine  
  137  8:21  Marauder  
  137  8:22  Marauder  
  137  8:23  Marine  
  137  8:24  Marauder  
  143  8:27  Marine x2  
  143  8:29  Marine  
  143  8:31  Marine x2  
  148  8:35  Marauder  
  148  8:36  Supply Depot  
  148  8:37  Supply Depot  
  148  8:39  Medivac  
  152  8:41  Medivac  
  152  8:42  Marauder  
  152  8:43  Marauder, Marine x2  
  152  8:45  Marine  
  152  8:46  Marauder, Marine  
  152  8:48  Marine x3  
  166  8:54  Marine x2  
  169  8:56  Marauder  
  169  9:00  Supply Depot, Marine  
  169  9:01  Marine  
  173  9:03  Marine x2  
  173  9:04  Marauder x2  
  173  9:06  Marine  
  173  9:07  Marauder  
  173  9:08  Medivac  
  173  9:09  Marine x2  
  183  9:11  Medivac, Marine  
  183  9:12  Marine  
  189  9:17  Marine  
  189  9:19  Marine  
  189  9:21  Marine  
  189  9:22  Marine  
  189  9:23  Marine  
  191  9:25  Marauder, Marine  
  191  9:26  Marauder  
  191  9:27  Marine x2  
  191  9:29  Marauder  
  182  9:36  Marine  
  182  9:37  Marauder  
  169  9:38  Medivac, Marine  
  169  9:39  Marine x2  
  169  9:41  Marine  
  169  9:42  Marine  
  169  9:43  Marine  
  169  9:45  Marine  
  175  9:46  Marauder  
  175  9:47  Marine x2  
  175  9:49  Marine  
  180  9:54  Marine  
  180  9:56  Marine  
  180  9:57  Marine x2  
  180  9:58  Marauder  
  180  9:59  Marine  
  187  10:00  Marine  
  187  10:01  Marine  
  187  10:03  Marine  
  187  10:05  Marine  
  187  10:06  Marauder  
  193  10:07  Marine  
  193  10:08  Marauder  
  193  10:12  Starport  
  193  10:14  Marine x2, Fusion Core  
  195  10:18  Marine x2  
  195  10:19  Marine  
  198  10:32  Liberator  
  198  10:43  Command Center  
  198  10:44  Command Center  
  200  10:50  Starport Tech Lab  
  200  11:02  Liberator  
  200  11:07  Terran Infantry Armor Level 3, Terran Infantry Weapons Level 3  
  200  11:12  Liberator  
  190  11:24  Marine x3  
  196  11:29  Refinery  
  196  11:30  Refinery  
  198  11:54  Missile Turret  
  198  12:00  Liberator, Orbital Command, Missile Turret  
  198  12:02  Liberator  
  198  12:10  Marine x2  
  198  12:11  Liberator  
  181  12:37  Marauder, Marine  
  181  12:43  Liberator  
  180  12:44  Marine, Liberator  
  180  12:45  Marauder  
  180  12:48  Marine  
  180  12:49  Marauder, Marine x2  
  180  12:50  Marauder, Marine  
  182  12:54  Liberator  
  179  13:02  Advanced Ballistics  
  179  13:03  Marauder, Marine x2  
  179  13:05  Marine  
  185  13:06  Marauder  
  185  13:07  Marine  
  185  13:11  Marauder, Marine  
  192  13:17  Marine  
  192  13:18  Marauder  
  180  13:26  Liberator  
  164  13:27  Liberator  
  164  13:29  Marine  
  164  13:31  Marauder, Marine x2  
  164  13:32  Marauder  
  164  13:34  Marauder, Marine x2  
  170  13:37  Liberator  
  170  13:38  Marine x2, Orbital Command  
  170  13:39  Marauder  
  176  13:43  Refinery  
  176  13:46  Marine  
  180  13:53  Marauder x2  
  179  14:00  Marauder, Marine x2  
  179  14:02  Marauder, Marine x3  
  156  14:03  SCV  
  156  14:04  SCV  
  156  14:06  SCV  
  156  14:07  Refinery  
  156  14:09  Liberator  
  159  14:10  Liberator  
  159  14:12  Planetary Fortress  
  159  14:14  Marauder  
  159  14:16  SCV x2  
  160  14:19  Marauder, Marine  
  160  14:21  Liberator  
  163  14:25  Marauder, Marine  
  163  14:26  Marauder, Marine  
  174  14:43  Marine  
  175  14:47  Marauder, Marine  
  175  14:50  Marauder, Marine x2  
  175  14:52  Liberator  
  182  14:53  Marine, Liberator  
  182  14:56  Marauder, Marine  
  182  14:57  Command Center  
  186  15:10  Marine  
  186  15:11  Marauder x2, Marine  
  186  15:12  Marine  
  186  15:13  Marauder  
  198  15:17  Marine  
  199  15:21  Liberator  
  196  15:40  Marine  
  200  15:43  Marine  
  200  15:44  Marine  
  200  15:55  Liberator  
  200  15:56  Liberator  
  192  16:14  Marine x2  
  192  16:15  Marauder  
  192  16:17  Marine x2  
  194  16:18  Marine  
  194  16:19  Marauder  
  194  16:21  Marauder, Marine  
  194  16:22  Marine  
  194  16:25  Orbital Command  
  199  16:37  Liberator x2  
  199  16:38  Marine  
  200  16:42  Planetary Fortress  
  200  16:44  Marine, Liberator  
  194  16:59  Marine, Missile Turret  
  194  17:00  Marauder  
  196  17:09  Marine  
  196  17:10  Marauder  
  196  17:12  Command Center  
  173  17:34  Marine x4  
  173  17:35  Marauder x3, Marine x3  
  173  17:36  Marine  
  161  17:37  Marauder  
  161  17:38  Marine  
  161  17:42  SCV x2  
  161  17:43  Refinery, SCV  
  161  17:44  SCV  
  151  17:52  Marine x3  
  151  17:55  Sensor Tower  
  151  17:56  SCV, Missile Turret x2  
  151  17:57  Refinery, Marauder x3, Marine  
  151  17:58  Marine x2  
  156  17:59  Marine  
  156  18:01  Marauder, Marine  
  155  18:07  Marine  
  170  18:24  Refinery  

Tags
 
Add a new tag
Caveats
  • Supply blocks, unpowered buildings, or Contaminate may cause inaccurate times.
  • Supply counts are checked every 10 seconds.